 Dungeon Crawl Stone Soup version 0.27-a0-1219-g958d993ae5 (webtiles) character file.

Game seed: 10705499609590864896

64 dongler the Magician (level 4, -3/31 HPs)
             Began as a Djinni Fire Elementalist on June 6, 2021.
             Was a Follower of Yredelemnul.
             Slain by an orc
             ... wielding a +0 trident
              (4 damage)
             ... on level 3 of the Dungeon.
             The game lasted 00:08:31 (3003 turns).

dongler the Magician (Djinni Fire Elementalist)     Turns: 3003, Time: 00:08:32

Health: -3/31      AC:  2    Str:  8    XL:     4   Next: 32%
Gold:   74         EV: 12    Int: 16    God:    Yredelemnul [*.....] SH:  0 Dex: 14

rFire    + + .     SeeInvis .   (no weapon)
rCold    x . .     Faith    .   (no shield)
rNeg     . . .     Spirit   .   i - +0 robe
rPois    ∞         Reflect  .   (no helmet)
rElec    .         Harm     .   (no cloak)
rCorr    .         Rampage  .   (no gloves)
Will     .....                  (boots unavailable)
Stlth    ++........             (no amulet)
HPRegen  0.10/turn              (no ring)
MPRegen  0.00/turn              (no ring)

@: mighty, flying
A: sickness immunity, fire resistance 2, cold vulnerability 1, float, innate
caster, hp casting, extra vitality 1
a: Renounce Religion, Animate Remains


You were on level 3 of the Dungeon.
You worshipped Yredelemnul.
Yredelemnul was aware of your devotion.
You visited 1 branch of the dungeon, and saw 3 of its levels.

You collected 74 gold pieces.

Inventory:

Armour
 a - a +0 robe
 e - a +0 kite shield
 i - a +0 robe (worn)
Wands
 g - a wand of digging (5)
Scrolls
 b - 8 scrolls of identify {unknown}
 c - 4 scrolls of enchant armour {unknown}
 j - a scroll of torment {unknown}
Potions
 f - a potion of mutation {unknown}
 h - a potion of degeneration {unknown}


   Skills:
 * Level 0.5 Fighting
 * Level 0.7 Armour
 * Level 2.5 Dodging
 + Level 1.7 Stealth
 * Level 0.5 Shields
 * Level 3.3 Spellcasting


You couldn't memorise any spells.
You knew the following spells:

 Your Spells              Type           Power      Damage    Failure   Level
a - Foxfire               Conj/Fire      52%        2x1d6     4%          1
b - Conjure Flame         Conj/Fire      13%        6-21      14%         3
c - Inner Flame           Hex/Fire       13%        N/A       14%         3
d - Sticky Flame          Conj/Fire      13%        2d4       41%         4
e - Fireball              Conj/Fire      6%         3d5       77%         5
f - Magic Dart            Conj           52%        1d5       4%          1
Your spell library was empty.

Dungeon Overview and Level Annotations

Branches:
Dungeon (3/15)

Altars:
Yredelemnul

Shops:
D:2 (


Innate Abilities, Weirdness & Mutations

You are immune to sickness and miasma.
You are immune to poison.
Your flesh is very heat resistant. (rF++)
You are vulnerable to cold. (rC-)
You float through the air rather than walking.
You learn spells naturally, not from books.
Your magical power is your life essence.
You have superior vitality. (+4 HP)


Message History

Casting: Conjure Flame (quite dangerous; 14% risk of failure)
Confirm with . or Enter, or press ? or * to list all spells.
The spell is quite dangerous to cast (14% risk of failure)!
Continue anyway?
The fire begins to smoulder!
An orc comes into view. It is wielding a +0 club.
Casting: Conjure Flame (quite dangerous; 14% risk of failure)
Confirm with . or Enter, or press ? or * to list all spells.
You conjure some foxfire!
The orc barely misses you. The orc hits you with a +0 short sword.
You smother the flame.
The foxfire hits the orc.
The orc is moderately wounded.
The foxfire hits the orc.
The orc is moderately wounded.
The orc barely misses you.
The orc hits you from afar with a +0 trident.
Casting: Foxfire (safe; 4% risk of failure)
Confirm with . or Enter, or press ? or * to list all spells.
You conjure some foxfire!
The orc hits you with a +0 short sword.
* * * LOW HITPOINT WARNING * * *
The orc closely misses you.
Your foxfire dissipates!
The foxfire hits the orc.
The orc is almost dead.
Your magical contamination has completely faded away.
Casting: Foxfire (safe; 4% risk of failure)
Confirm with . or Enter, or press ? or * to list all spells.
You conjure some foxfire!
* * * LOW HITPOINT WARNING * * *
The orc hits you with a +0 short sword.
* * * LOW HITPOINT WARNING * * *
Your foxfire dissipates!
You barely miss the orc.
The orc is almost dead.
The orc hits you with a +0 short sword.
* * * LOW HITPOINT WARNING * * *
It was a potion of might.
You feel very mighty all of a sudden.
The orc hits you from afar with a +0 trident.
You die...
Your body rises from the dead as a mindless zombie.

.#.# #.# .#.# #.#
..#.# .#.####.###
#.#.# ..<....†..#
#.#.# ##.######.#
#.#.# ##.# #.# #.#.#
.#.# #.# #.#.# .# .#.#
#.####.#.# .#
.#.######.#....#@# .#
.#.#..........##o# .#
...#.##....÷..##o# .#
#.
#.##.......##o####.#
..#..........##o..oo.#
....#........######o.#
.. #.####÷##.....#.o#
. #.####.##.###.#..#
..#........#..#..#


You could see 4 orcs.

Vanquished Creatures
  2 adders
  A worm (D:3)
  A dart slug (D:2)
  5 ball pythons
  7 endoplasms
  A giant cockroach (D:1)
  3 hobgoblins
  2 jackals (D:2)
  3 kobolds
  A quokka (D:1)
  4 bats
  3 frilled lizards
  4 goblins
  2 rats (D:2)
39 creatures vanquished.

Vanquished Creatures (others)
  86 foxfires
86 creatures vanquished.

Grand Total: 125 creatures vanquished

Notes
Turn   | Place    | Note
-------+----------+-------------------------------------------
     0 | D:1      | dongler the Djinni Fire Elementalist began the quest for
                  | the Orb.
     0 | D:1      | Reached XP level 1. HP: 15/15 MP: 0/0
   253 | D:1      | Reached XP level 2. HP: 17/21 MP: 0/0
   985 | D:2      | Reached XP level 3. HP: 16/25 MP: 0/0
   985 | D:2      | Learned a level 1 spell: Magic Dart
  1117 | D:2      | Reached skill level 3 in Spellcasting
  1975 | D:2      | Found Temugomo's Antique Weapon Shoppe.
  2009 | D:2      | Found a faded altar of an unknown god.
  2020 | D:2      | Became a worshipper of Yredelemnul the Dark
  2020 | D:2      | Reached * piety under Yredelemnul
  2288 | D:2      | Reached XP level 4. HP: 25/31 MP: 0/0
  3002 | D:3      | HP: 1/31 [orc/+0 short sword (2)]
  3003 | D:3      | Slain by an orc

Illustrated notes

Levels and vault maps discovered:
D:1:      minmay_arrival_three_doors, layout_basic, minmay_tree_intersection
D:2:      layout_loops_corners, serial_shops, shop_statue,
          chequers_ecumenical_altar_island
D:3:      layout_basic

Skill      XL: |  1  2  3 |
---------------+----------+-----
Spellcasting   | 3 |  3.3
Fighting       | |  0.5
Armour         | |  0.7
Dodging        | |  2.5
Stealth        | |  1.7
Shields        | |  0.5

Action                   |  1- 3 |  4- 6 || total
-------------------------+-------+-------++-------
Melee: Unarmed           |     4 |     2 ||     6
 Cast: Foxfire           |    60 |    20 ||    80
       Conjure Flame     |       |     1 ||     1
  Use: Scroll            |     2 |       ||     2
       Potion            |       |     1 ||     1
Armor: Robe              |     5 |     7 ||    12
Dodge: Dodged            |    32 |    19 ||    51

Table legend: (Time is in decaauts)
 A = Elapsed time spent in this place.
 B = Non-inter-level travel time spent in this place.
 C = Inter-level travel time spent in this place.
 D = Time resting spent in this place.
 E = Time spent auto-exploring this place.
 F = Levels seen in this place.
 G = Mean time per level.
                   A        B        C        D        E       F      G
               +--------+--------+--------+--------+--------+-----+--------+
         Total |   3002 |   2924 |     78 |    852 |   1444 |   3 | 1000.7 |
       Dungeon |   3002 |   2924 |     78 |    852 |   1444 |   3 | 1000.7 |
               +--------+--------+--------+--------+--------+-----+--------+

Top non-repeatable levels by time:
     D:2: 1496 daAuts
     D:1: 965 daAuts
     D:3: 540 daAuts
